 Dungeon Crawl Stone Soup version 0.30-a0-777-ga9a30cbeda (webtiles) character file.

Game seed: 7843448238632420349

71 Twinkles the Vexing (level 4, 0/34 HPs)
             Began as a Gnoll Hexslinger on Feb 14, 2023.
             Succumbed to an adder's poison
             ... on level 3 of the Dungeon.
             The game lasted 00:03:09 (1321 turns).

Twinkles the Vexing (Gnoll Hexslinger)              Turns: 1321, Time: 00:03:10

Health: 0/34       AC:  2    Str:  9    XL:     4   Next: 24%
Magic:  4/8        EV: 13    Int: 13    God:
Gold:   161        SH:  0    Dex: 14    Spells: 8/9 levels left

rFire   . . .      SeeInvis .    a - +1 sling
rCold   . . .      Faith    .    (no shield)
rNeg    . . .      Spirit   .    c - +0 robe
rPois   .          Reflect  .    (no helmet)
rElec   .          Harm     .    (no cloak)
rCorr   +          Rampage  .    (no gloves)
Will    .....                    (no boots)
Stlth   ++                       (no amulet)
HPRegen 0.25/turn                o - ring of resist corrosion
MPRegen 0.11/turn                (no ring)

@: lethally poisoned (0 -> -6)
A: fangs 1, strong nose, distributed training
a: no special abilities


You were on level 3 of the Dungeon.
You visited 1 branch of the dungeon, and saw 3 of its levels.

You collected 161 gold pieces.

Inventory:

Hand Weapons
 a - a +1 sling (weapon)
 m - a +0 war axe
Armour
 c - a +0 robe (worn)
Jewellery
 o - a ring of resist corrosion (left hand)
 r - a ring of fire
Wands
 q - a wand of flame (18)
Scrolls
 b - 4 scrolls of poison
 d - 2 scrolls of magic mapping {unknown}
 e - 5 scrolls of identify {unknown}
 g - 3 scrolls of noise {unknown}
 k - a scroll of fear {unknown}
 l - a scroll of enchant weapon {unknown}
 n - 3 scrolls of teleportation {unknown}
 p - a scroll of silence {unknown}
 s - a scroll of torment {unknown}
Potions
 f - a potion of invisibility {unknown}
 h - a potion of brilliance {unknown}
 i - 3 potions of curing {unknown}
 j - 2 potions of haste {unknown}


   Skills:
 + Level 2.7 Fighting
 + Level 1.1 Short Blades
 + Level 1.1 Long Blades
 + Level 1.1 Axes
 + Level 1.1 Maces & Flails
 + Level 1.1 Polearms
 + Level 1.1 Staves
 + Level 4.6 Ranged Weapons
 + Level 1.1 Throwing
 + Level 1.1 Armour
 + Level 4.6 Dodging
 + Level 1.1 Stealth
 + Level 1.1 Shields
 + Level 1.1 Unarmed Combat
 + Level 3.0 Spellcasting
 + Level 0.9 Conjurations
 + Level 5.4 Hexes
 + Level 0.9 Summonings
 + Level 0.9 Necromancy
 + Level 0.9 Translocations
 + Level 0.9 Transmutations
 + Level 0.9 Fire Magic
 + Level 0.9 Ice Magic
 + Level 0.9 Air Magic
 + Level 0.9 Earth Magic
 + Level 0.9 Poison Magic
 + Level 1.2 Invocations
 + Level 1.1 Evocations


You had 8 spell levels left.
You knew the following spells:

 Your Spells              Type           Power      Damage    Failure   Level
a - Slow                  Hex            64%        N/A       2%          1

Your spell library contained the following spells:

 Spells                   Type           Power      Damage    Failure   Level
 Ensorcelled Hibernation  Hex/Ice        20%        N/A       10%         2
 Apportation              Tloc           8%         N/A       16%         1
 Beastly Appendage        Tmut           8%         N/A       16%         1
 Inner Flame              Hex/Fire       10%        N/A       19%         3
 Portal Projectile        Hex/Tloc       20%        N/A       19%         3
 Wereblood                Tmut           4%         N/A       24%         2
 Cause Fear               Hex            8%         N/A       24%         4
 Spider Form              Tmut/Pois      4%         N/A       43%         3
 Anguish                  Hex/Necr       5%         N/A       52%         4
 Alistair's Intoxication  Tmut/Pois      2%         N/A       99%         5


Dungeon Overview and Level Annotations

Branches:
Dungeon (3/15) Zot: 16660

Altars:
Qazlal

Shops:
D:2 [


Innate Abilities, Weirdness & Mutations

You have very sharp teeth.
Your uncanny sense of smell can sniff out nearby items.
Your experience applies equally to all skills.


Message History

You feel very sick. The adder barely misses you. The adder bites you.
Aiming: Slow (safe; 2% risk of failure)
Press: ? - help, Q - select action, (/) - cycle Shift-Dir - straight line, f/p - adder
Aim: an adder (lightly wounded, chance to affect: 58%)
The adder seems to slow down.
You feel sick.
Aiming: Slow (safe; 2% risk of failure)
Press: ? - help, Q - select action, (/) - cycle Shift-Dir - straight line, f/p - adder
Aim: an adder (lightly wounded, slow, chance to affect: 58%)
The adder resists with significant effort.
You feel sick. The adder bites you.
You are more poisoned.
The adder poisons you!
Aiming: Slow (safe; 2% risk of failure)
Press: ? - help, Q - select action, (/) - cycle Shift-Dir - straight line, f/p - adder
Aim: an adder (lightly wounded, slow, chance to affect: 58%)
The adder resists with significant effort.
You feel very sick. The adder bites you.
* * * LOW HITPOINT WARNING * * *
Unknown command.
Unknown command.
You shoot a sling bullet.
The sling bullet barely misses the adder.
* * * LOW HITPOINT WARNING * * *
You feel sick. The adder bites you but does no damage.
You shoot a sling bullet. The sling bullet hits the adder.
The adder is heavily wounded.
You feel sick. The adder bites you.
* * * LOW HITPOINT WARNING * * *
You are more poisoned.
The adder poisons you!
You shoot a sling bullet. The sling bullet misses the adder.
* * * LOW HITPOINT WARNING * * *
You feel sick. The adder closely misses you.
You shoot a sling bullet.
The sling bullet hits the adder but does no damage.
The adder is heavily wounded.
You die...

.# #.#).. # #.# #.#...
###.#### #.# #.##.# ...
..####.### #.....
#..#.##.....# ##....
#..#..#.##.....#####.#.#
.....................#.†
##.####.##.....#.##..#<#
#@##.....#.##.....
#>...S#####..##........
##...# #....###.....
#..# #....###.##.# #..
##.......# .# ##
##.###### .# #.# ..#
.###


You could see an adder (slow).

Vanquished Creatures
  4 adders
  3 ball pythons
  5 endoplasms
  3 giant cockroaches
  4 goblins
  4 hobgoblins (D:2)
  2 quokkas
  4 bats
  2 frilled lizards
  A kobold (D:1)
  2 rats (D:1)
34 creatures vanquished.

Notes
Turn   | Place    | Note
-------+----------+-------------------------------------------
     0 | D:1      | Twinkles the Gnoll Hexslinger began the quest for the Orb.
     0 | D:1      | Reached XP level 1. HP: 17/17 MP: 4/4
   220 | D:1      | Reached XP level 2. HP: 23/23 MP: 5/5
   266 | D:1      | You fall into a shaft and drop 1 floor!
   266 | D:2      | Found Vuopnoma's Armour Boutique.
   658 | D:2      | Reached XP level 3. HP: 28/28 MP: 7/7
   889 | D:2      | Reached skill level 1 in Invocations
   906 | D:2      | Reached skill level 1 in Short Blades
   906 | D:2      | Reached skill level 1 in Long Blades
   906 | D:2      | Reached skill level 1 in Axes
   906 | D:2      | Reached skill level 1 in Maces & Flails
   906 | D:2      | Reached skill level 1 in Polearms
   906 | D:2      | Reached skill level 1 in Staves
   906 | D:2      | Reached skill level 1 in Throwing
   906 | D:2      | Reached skill level 1 in Armour
   906 | D:2      | Reached skill level 1 in Stealth
   906 | D:2      | Reached skill level 1 in Shields
   906 | D:2      | Reached skill level 1 in Unarmed Combat
   906 | D:2      | Reached skill level 1 in Evocations
   922 | D:2      | Found a stormy altar of Qazlal.
  1126 | D:2      | Reached XP level 4. HP: 34/34 MP: 8/8
  1317 | D:3      | HP: 10/34 [poisoned by an adder]
  1319 | D:3      | HP: 3/34 [adder (2)]
  1321 | D:3      | Succumbed to an adder's poison

Illustrated notes

Levels and vault maps discovered:
D:1:      minmay_arrival_nine_rooms, layout_basic
D:2:      layout_rooms, basic_altar, serial_shops, nicolae_shop_hallway_plus,
          nrook_loot_triangle, minivault_5, kennysheep_pointless_box,
          minmay_strange_pillars, kennysheep_flooded_box
D:3:      layout_loops_cross, kennysheep_ying_yang, general_overflow_altar,
          nicolae_dithmenos_through_a_glass_darkly, nicolae_shop_unique_rings

Skill      XL: |  1  2  3  4 |
---------------+-------------+-----
Invocations    | 1 |  1.2
Short Blades   | 1 |  1.1
Long Blades    | 1 |  1.1
Axes           | 1 |  1.1
Maces & Flails | 1 |  1.1
Polearms       | 1 |  1.1
Staves         | 1 |  1.1
Throwing       | 1 |  1.1
Armour         | 1 |  1.1
Stealth        | 1 |  1.1
Shields        | 1 |  1.1
Unarmed Combat | 1 |  1.1
Evocations     | 1 |  1.1
Spellcasting   | 3 |  3.0
Fighting       | |  2.7
Ranged Weapons | |  4.6
Dodging        | |  4.6
Conjurations   | |  0.9
Hexes          | |  5.4
Summonings     | |  0.9
Necromancy     | |  0.9
Translocations | |  0.9
Transmutations | |  0.9
Fire Magic     | |  0.9
Ice Magic      | |  0.9
Air Magic      | |  0.9
Earth Magic    | |  0.9
Poison Magic   | |  0.9

Action                     |  1- 3 |  4- 6 || total
---------------------------+-------+-------++-------
   Fire: Sling             |    86 |    23 ||   109
   Cast: Slow              |       |     5 ||     5
 Armour: Robe              |     5 |     5 ||    10
  Dodge: Dodged            |    19 |     6 ||    25

Table legend: (Time is in decaauts)
 A = Elapsed time spent in this place.
 B = Non-inter-level travel time spent in this place.
 C = Inter-level travel time spent in this place.
 D = Time resting spent in this place.
 E = Time spent auto-exploring this place.
 F = Levels seen in this place.
 G = Mean time per level.
                   A        B        C        D        E       F      G
               +--------+--------+--------+--------+--------+-----+--------+
         Total |   1339 |   1282 |     57 |      0 |   1065 |   3 |  446.3 |
       Dungeon |   1339 |   1282 |     57 |      0 |   1065 |   3 |  446.3 |
               +--------+--------+--------+--------+--------+-----+--------+

Top non-repeatable levels by time:
     D:2: 663 daAuts
     D:1: 602 daAuts
     D:3: 73 daAuts
